 Dungeon Crawl Stone Soup version 0.30-a0-137-gd8773701ce (webtiles) character file.

Game seed: 2475917482493172982

800 ragingrage the Reanimator (level 7, -1/51 HPs)
             Began as a Gnoll Wanderer on Sept 22, 2022.
             Killed from afar by Robin (23 damage)
             ... with a bolt of dispelling energy
             ... on level 4 of the Dungeon.
             The game lasted 00:06:52 (4924 turns).

ragingrage the Reanimator (Gnoll Wanderer)          Turns: 4924, Time: 00:06:52

Health: -1/51      AC:  5    Str: 17    XL:     7   Next: 90%
Magic:  7/15       EV: 12    Int: 15    God:
Gold:   195        SH:  5    Dex: 10    Spells: 14/17 levels left

rFire   + + .      SeeInvis .    C - +3 mace
rCold   + . .      Faith    .    (no shield)
rNeg    . . .      Spirit   .    a - +1 robe {rC+ rF+}
rPois   .          Reflect  +    z - +1 hat
rElec   .          Harm     .    q - scarf {repulsion}
rCorr   .          Rampage  .    (no gloves)
Will    .....                    g - +0 pair of boots
Stlth   ++........               h - amulet of reflection
HPRegen 0.17/turn                l - +6 ring of strength
MPRegen 0.14/turn                x - ring of protection from fire

@: very slightly contaminated, repel missiles
A: fangs 1, strong nose, distributed training
a: no special abilities


You were on level 4 of the Dungeon.
You visited 1 branch of the dungeon, and saw 6 of its levels.

You collected 195 gold pieces.

Inventory:

Hand Weapons
 w - a +2 dagger of protection
 C - a +3 mace (weapon)
Armour
 a - a +1 robe of resistance (worn)
 g - a +0 pair of boots (worn)
 q - a scarf of repulsion (worn)
 z - a +1 hat (worn)
 A - a +0 ring mail of willpower
Jewellery
 h - an amulet of reflection (around neck)
 l - a +6 ring of strength (left hand)
 x - a ring of protection from fire (right hand)
 B - a ring of magical power
Wands
 r - a wand of flame (9)
Scrolls
 b - 2 scrolls of blinking
 e - a scroll of noise {unknown}
 f - 3 scrolls of enchant armour {unknown}
 o - 2 scrolls of vulnerability {unknown}
 p - 8 scrolls of identify {unknown}
 s - a scroll of fear {unknown}
 t - 2 scrolls of teleportation {unknown}
 u - a scroll of poison {unknown}
 y - a scroll of amnesia {unknown}
Potions
 d - 3 potions of attraction
 i - 2 potions of might
 j - 2 potions of curing {unknown}
 k - 2 potions of lignification {unknown}
 m - 2 potions of mutation {unknown}
 n - 2 potions of brilliance {unknown}


   Skills:
 + Level 2.9 Fighting
 + Level 2.9 Short Blades
 + Level 2.9 Long Blades
 + Level 2.9 Axes
 + Level 2.9 Maces & Flails
 + Level 2.9 Polearms
 + Level 2.9 Staves
 + Level 2.9 Ranged Weapons
 + Level 2.9 Throwing
 + Level 7.2 Armour
 + Level 2.9 Dodging
 + Level 2.9 Stealth
 + Level 2.9 Shields
 + Level 2.9 Unarmed Combat
 + Level 5.8 Spellcasting
 + Level 2.3 Conjurations
 + Level 2.3 Hexes
 + Level 2.3 Summonings
 + Level 9.1 Necromancy
 + Level 2.3 Translocations
 + Level 2.3 Transmutations
 + Level 2.3 Fire Magic
 + Level 2.3 Ice Magic
 + Level 2.3 Air Magic
 + Level 2.3 Earth Magic
 + Level 2.3 Poison Magic
 + Level 3.2 Invocations
 + Level 2.9 Evocations


You had 14 spell levels left.
You knew the following spells:

 Your Spells              Type           Power      Damage    Failure   Level
a - Necrotise             Necr           100%       1d9       1%          1
b - Poisonous Vapours     Pois/Air       22%        N/A       9%          2

Your spell library contained the following spells:

 Spells                   Type           Power      Damage    Failure   Level
 Sublimation of Blood     Necr           31%        N/A       1%          2
 Dispel Undead            Necr           31%        3d14      3%          4
 Freeze                   Ice            44%        1d6       6%          1
 Sting                    Tmut/Pois      44%        1d5       6%          1
 Static Discharge         Conj/Air       22%        2-3/arc   9%          2
 Anguish                  Hex/Necr       10%        N/A       14%         4
 Ozocubu's Armour         Ice            11%        N/A       17%         3
 Hailstorm                Conj/Ice       11%        3d5       50%         4
 Ice Form                 Ice/Tmut       11%        N/A       50%         4
 Olgreb's Toxic Radiance  Pois           11%        N/A       50%         4
 Sticky Flame             Conj/Fire      11%        2d3       50%         4
 Simulacrum               Ice/Necr       10%        N/A       91%         6


Dungeon Overview and Level Annotations

Branches:
Dungeon (6/15)
 Temple: D:4-7

Altars:

Shops:
D:1 =   D:4 (

Annotations:
D:2 1 runed translucent door, Crazy Yiuf
D:4 Robin
D:5 Grinder


Innate Abilities, Weirdness & Mutations

You have very sharp teeth.
Your uncanny sense of smell can sniff out nearby items.
Your experience applies equally to all skills.


Message History

You drop a +0 scale mail.
You start resting.
HP restored.
You see here 5 stones.
You see here a +0 hand axe.
Found Baodiar's Weapon Shop.
Robin is nearby!
Robin is nearby!
Found 11 gold pieces.
Casting: Necrotise (safe; 1% risk of failure)
Confirm with . or Enter, or press ? or * to list all spells.
Aiming: Poisonous Vapours (safe; 9% risk of failure)
Press: ? - help, Dir - move target, f - Robin
Aim: Robin, wielding a +0 short sword, wearing a +0 animal skin, wearing a +0 helmet and carrying a wand of quicksilver (5) (wandering, hasn't noticed you) Poisonous vapours surround Robin!
Robin is poisoned.
Robin shouts!
You hear a shout!
Robin zaps a wand.
The bolt of dispelling energy hits you!
Casting: Poisonous Vapours (safe; 9% risk of failure)
Confirm with . or Enter, or press ? or * to list all spells.
Aiming: Poisonous Vapours (safe; 9% risk of failure)
Press: ? - help, Dir - move target, f/p - Robin
Aim: Robin, wielding a +0 short sword, wearing a +0 animal skin, wearing a +0 helmet and carrying a wand of quicksilver (4) (lightly wounded, poisoned) Poisonous vapours surround Robin!
Robin looks even sicker.
Robin zaps a wand.
The bolt of dispelling energy hits you!
Casting: Poisonous Vapours (safe; 9% risk of failure)
Confirm with . or Enter, or press ? or * to list all spells.
Aiming: Poisonous Vapours (safe; 9% risk of failure)
Press: ? - help, Dir - move target, f/p - Robin
Aim: Robin, wielding a +0 short sword, wearing a +0 animal skin, wearing a +0 helmet and carrying a wand of quicksilver (3) (moderately wounded, very poisoned)
You miscast Poisonous Vapours.
You are very lightly contaminated with residual magic.
Nothing appears to happen.
Casting: Poisonous Vapours (safe; 9% risk of failure)
Confirm with . or Enter, or press ? or * to list all spells.
Aiming: Poisonous Vapours (safe; 9% risk of failure)
Press: ? - help, Dir - move target, f/p - Robin
Aim: Robin, wielding a +0 short sword, wearing a +0 animal skin, wearing a +0 helmet and carrying a wand of quicksilver (3) (moderately wounded, very poisoned) Poisonous vapours surround Robin!
Robin looks even sicker.
Robin zaps a wand.
The bolt of dispelling energy hits you!!
You die...

#######............
##'###..................
#.......###.....####.... ##
#....... #............. <#
$..>.......######...... .#
####### +.∩.[###..## ###....#.
[###.....# ..............###.##
.........##.###..###.............
.........##.....@...g..g.........
.........######..###.#####..##..#
.............##..................
.............###)###..####..##..#
........#......(............g...#
........#.....[..###..####....g.g
........#...[....# #............#
........#........# ##.####..##..#
........#........# #..###..##..#


You could see Robin (very poisoned) and a hobgoblin (wandering).

Vanquished Creatures
  Duvessa (D:4)
  A black bear (D:6)
  A centaur (D:6)
  A phantom (D:6)
  Blork the orc (D:4)
  A scorpion (D:4)
  Dowan (D:4)
  2 hounds
  An orc wizard (D:6)
  Natasha (D:4)
  3 gnolls (D:6)
  4 adders
  A white imp (D:6)
  2 worms
  4 dart slugs
  8 orcs
  A ball python (D:3)
  7 endoplasms
  3 giant cockroaches
  8 goblins
  9 hobgoblins
  6 jackals (D:1)
  3 quokkas
  4 bats
  2 frilled lizards
  3 kobolds
  6 rats
85 creatures vanquished.

Vanquished Creatures (collateral kills)
  A jelly (D:6)
  A dart slug (D:2)
  An orc (D:3)
  A ball python (D:2)
4 creatures vanquished.

Vanquished Creatures (others)
  A fungus (D:2)
1 creature vanquished.

Grand Total: 90 creatures vanquished

Notes
Turn   | Place    | Note
-------+----------+-------------------------------------------
     0 | D:1      | ragingrage the Gnoll Wanderer began the quest for the Orb.
     0 | D:1      | ragingrage set off with the following items: a +0 club, a
                  | scroll of blinking, a +0 scale mail; and the following
                  | spells available to memorise: Necrotise, Sublimation of
                  | Blood, Freeze, Anguish, Ozocubu's Armour.
     0 | D:1      | Reached XP level 1. HP: 13/13 MP: 6/6
     2 | D:1      | Learned a level 1 spell: Necrotise
   410 | D:1      | Reached XP level 2. HP: 19/19 MP: 4/7
   488 | D:1      | Found Vuut's Jewellery Shop.
  1023 | D:2      | Reached skill level 5 in Spellcasting
  1023 | D:2      | Reached XP level 3. HP: 25/25 MP: 4/9
  1269 | D:2      | Learned a level 2 spell: Poisonous Vapours
  1305 | D:2      | Reached skill level 1 in Invocations
  1536 | D:2      | Reached skill level 1 in Fighting
  1536 | D:2      | Reached skill level 1 in Short Blades
  1536 | D:2      | Reached skill level 1 in Long Blades
  1536 | D:2      | Reached skill level 1 in Axes
  1536 | D:2      | Reached skill level 1 in Maces & Flails
  1536 | D:2      | Reached skill level 1 in Polearms
  1536 | D:2      | Reached skill level 1 in Staves
  1536 | D:2      | Reached skill level 1 in Ranged Weapons
  1536 | D:2      | Reached skill level 1 in Throwing
  1536 | D:2      | Reached skill level 1 in Dodging
  1536 | D:2      | Reached skill level 1 in Stealth
  1536 | D:2      | Reached skill level 1 in Shields
  1536 | D:2      | Reached skill level 1 in Unarmed Combat
  1536 | D:2      | Reached skill level 1 in Evocations
  1822 | D:2      | Found a runed translucent door.
  1823 | D:2      | Noticed Crazy Yiuf
  1912 | D:3      | Reached XP level 4. HP: 32/32 MP: 7/11
  2070 | D:3      | You fall into a shaft and drop 3 floors!
  2075 | D:5      | Entered Level 5 of the Dungeon
  2082 | D:6      | Noticed a phantom
  2093 | D:5      | Noticed Grinder
  2116 | D:6      | Killed a phantom
  2117 | D:6      | Reached skill level 1 in Conjurations
  2117 | D:6      | Reached skill level 1 in Hexes
  2117 | D:6      | Reached skill level 1 in Summonings
  2117 | D:6      | Reached skill level 1 in Translocations
  2117 | D:6      | Reached skill level 1 in Transmutations
  2117 | D:6      | Reached skill level 1 in Fire Magic
  2117 | D:6      | Reached skill level 1 in Ice Magic
  2117 | D:6      | Reached skill level 1 in Air Magic
  2117 | D:6      | Reached skill level 1 in Earth Magic
  2117 | D:6      | Reached skill level 1 in Poison Magic
  2117 | D:6      | Reached XP level 5. HP: 21/37 MP: 12/12
  2252 | D:6      | Noticed a centaur
  2266 | D:6      | Killed a centaur
  2270 | D:6      | Reached XP level 6. HP: 41/44 MP: 8/14
  2278 | D:6      | Noticed a black bear
  2302 | D:6      | Killed a black bear
  2706 | D:6      | Reached skill level 9 in Necromancy
  2765 | D:6      | Reached XP level 7. HP: 37/50 MP: 4/15
  2978 | D:4      | Noticed Blork the orc
  2985 | D:4      | Killed Blork the orc
  3227 | D:4      | Noticed Duvessa
  3227 | D:4      | Noticed Dowan
  3243 | D:4      | Killed Duvessa
  3254 | D:4      | Killed Dowan
  3722 | D:4      | Noticed Natasha
  3727 | D:4      | Killed Natasha
  4580 | D:4      | Noticed Robin
  4918 | D:4      | Found Baodiar's Weapon Shop.
  4924 | D:4      | Killed from afar by Robin

Illustrated notes

Levels and vault maps discovered:
D:1:      eino_arrival_water_star, layout_basic, serial_shops, shop,
          dk_noncrumbling_4, grunt_decor_arrowhead
D:2:      layout_basic, uniq_crazy_yiuf_cottage
D:3:      layout_basic
D:4:      layout_basic, serial_shops, shop, uniq_blork_the_orc, uniq_natasha,
          uniq_robin, uniq_duvessa
D:5:      layout_basic, minmay_temple_entry_mist, uniq_grinder, uniq_pikel
D:6:      layout_basic, elyvilon_altar_1, general_overflow_altar,
          gammafunk_temple_overflow_forgotten, hangedman_decor_clover_reticule,
          st_stairs_12, chequers_serial_rivers_large_a, nicolae_specific_store

Skill      XL: |  1  2  3  4  5  6  7 |
---------------+----------------------+-----
Spellcasting   | 5 |  5.8
Invocations    | 1 2 3 |  3.2
Fighting       | 1 2 |  2.9
Short Blades   | 1 2 |  2.9
Long Blades    | 1 2 |  2.9
Axes           | 1 2 |  2.9
Maces & Flails | 1 2 |  2.9
Polearms       | 1 2 |  2.9
Staves         | 1 2 |  2.9
Ranged Weapons | 1 2 |  2.9
Throwing       | 1 2 |  2.9
Dodging        | 1 2 |  2.9
Stealth        | 1 2 |  2.9
Shields        | 1 2 |  2.9
Unarmed Combat | 1 2 |  2.9
Evocations     | 1 2 |  2.9
Conjurations   | 1 2 |  2.3
Hexes          | 1 2 |  2.3
Summonings     | 1 2 |  2.3
Translocations | 1 2 |  2.3
Transmutations | 1 2 |  2.3
Fire Magic     | 1 2 |  2.3
Ice Magic      | 1 2 |  2.3
Air Magic      | 1 2 |  2.3
Earth Magic    | 1 2 |  2.3
Poison Magic   | 1 2 |  2.3
Necromancy     | 9 |  9.1
Armour         | 7 |  7.2

Action                   |  1- 3 |  4- 6 |  7- 9 || total
-------------------------+-------+-------+-------++-------
Melee: Club              |    12 |    20 |       ||    32
       Bite              |     1 |     1 |     5 ||     7
       Hand axe          |       |       |    17 ||    17
       Punch             |       |       |     1 ||     1
 Cast: Necrotise         |    61 |    30 |    81 ||   172
       Poisonous Vapours |       |       |    11 ||    11
Evoke: Wand              |       |    12 |       ||    12
  Use: Potion            |       |     2 |       ||     2
Armor: Scale mail        |    22 |    32 |    13 ||    67
       Robe              |       |       |    12 ||    12
Dodge: Dodged            |     8 |    24 |    20 ||    52
Block: Other             |     2 |    11 |     7 ||    20
       Reflection        |       |     1 |       ||     1

Table legend: (Time is in decaauts)
 A = Elapsed time spent in this place.
 B = Non-inter-level travel time spent in this place.
 C = Inter-level travel time spent in this place.
 D = Time resting spent in this place.
 E = Time spent auto-exploring this place.
 F = Levels seen in this place.
 G = Mean time per level.
                   A        B        C        D        E       F      G
               +--------+--------+--------+--------+--------+-----+--------+
         Total |   4934 |   4719 |    215 |    804 |   3185 |   6 |  822.3 |
       Dungeon |   4934 |   4719 |    215 |    804 |   3185 |   6 |  822.3 |
               +--------+--------+--------+--------+--------+-----+--------+

Top non-repeatable levels by time:
     D:4: 1176 daAuts
     D:3: 1007 daAuts
     D:1: 984 daAuts
     D:2: 865 daAuts
     D:6: 766 daAuts
     D:5: 134 daAuts
